 Dungeon Crawl Stone Soup version 0.32-a0-391-gce5c0aab1b (webtiles) character file.

Game seed: 17646086092580643291

2581 AlmostDecent the Cleaver (level 9, -5/56 (75) HPs)
             Began as a Mountain Dwarf Fighter on Feb 19, 2024.
             Slain by Menkaure (12 damage)
             ... on level 6 of the Dungeon.
             The game lasted 00:19:17 (5829 turns).

AlmostDecent the Cleaver (Mountain Dwarf Fighter)   Turns: 5829, Time: 00:19:18

HP:   -5/56 (75)    AC: 14    Str: 28    XL:     9   Next: 32%
MP:   9/9           EV:  9    Int:  5    God:
Gold: 42            SH:  4    Dex:  9    Spells: 5/8 levels left

rFire   . . .        a - +0 war axe
rCold   + . .        c - +0 buckler
rNeg    . . .        h - +0 chain mail
rPois   .            k - +0 helmet
rElec   .            G - +2 cloak of the Thinker {Str+5 Int-4 Stlth+}
rCorr   .            (no gloves)
SInv    +            (no boots)
Will    .....        l - amulet of regeneration Stlth
                     f - ring of protection from cold
HPRegen 1.09/turn    B - ring of see invisible
MPRegen 0.11/turn

%: no passive effects
@: hasted, very heavily drained, very quick
A: runic magic, artefact enchanting
a: no special abilities


You were on level 6 of the Dungeon.
You visited 1 branch of the dungeon, and saw 6 of its levels.

You collected 382 gold pieces.
You spent 340 gold pieces at shops.

Inventory:

Hand Weapons
 a - a +0 war axe (weapon)
 b - a +5 flail of draining
 q - the +4 trident "Boitt" {freeze, rElec rPois}
   (You found it on level 3 of the Dungeon)

   rElec:     It insulates you from electricity.
   rPois:     It protects you from poison
 v - the +4 sling of Chagrin {drain, Str+4}
   (You found it on level 4 of the Dungeon)

   Str+4:     It affects your strength (+4).
Missiles
 E - a throwing net (quivered)
Armour
 c - a +0 buckler (worn)
 h - a +0 chain mail (worn)
 k - a +0 helmet (worn)
 G - the +2 cloak of the Thinker (worn) {Str+5 Int-4 Stlth+}
   (You bought it in a shop on level 1 of the Dungeon)

   Str+5:     It affects your strength (+5).
   Int-4:     It affects your intelligence (-4).
   Stlth+:    It makes you more stealthy.
Jewellery
 d - an amulet of magic regeneration
 f - a ring of protection from cold (left hand)
 l - an amulet of regeneration (around neck)
 B - a ring of see invisible (right hand)
Wands
 y - a wand of flame (8)
Scrolls
 g - a scroll of summoning
 j - a scroll of brand weapon {unknown}
 p - a scroll of poison {unknown}
 t - 4 scrolls of teleportation
 u - 2 scrolls of blinking {unknown}
 x - 2 scrolls of fear {unknown}
 A - a scroll of fog {unknown}
Potions
 e - a potion of lignification {unknown}
 i - a potion of haste
 m - 2 potions of resistance
 n - a potion of magic {unknown}
 o - a potion of mutation {unknown}
 r - 2 potions of degeneration
 s - a potion of enlightenment {unknown}
 w - a potion of brilliance {unknown}
 z - 3 potions of attraction
 C - a potion of curing {unknown}
 D - a potion of cancellation {unknown}


   Skills:
 + Level 5.7 Fighting
 * Level 12.1 Axes
 + Level 5.9 Armour
 + Level 2.2 Dodging
 + Level 0.2 Stealth
 + Level 4.8 Shields


You had 5 spell levels left.
You knew the following spells:

 Your Spells              Type           Power      Damage    Failure   Level
a - Frozen Ramparts       Ice            0%         1d1       95%         3

Your spell library contained the following spells:

 Spells                   Type           Power      Damage    Failure   Level
 Apportation              Tloc           0%         N/A       65%         1
 Freeze                   Ice            0%         1d3       65%         1
 Shock                    Conj/Air       0%         1d3       65%         1
 Jinxbite                 Hex            0%         N/A       78%         2
 Hailstorm                Conj/Ice       0%         3d5       95%         3
 Swiftness                Air            0%         N/A       95%         3
 Airstrike                Air            0%         2d(0-16)  100%        4
 Alistair's Intoxication  Alch           0%         N/A       100%        5
 Summon Forest            Summ/Tloc      0%         N/A       100%        5
 Summon Mana Viper        Hex/Summ       0%         N/A       100%        5
 Summon Cactus Giant      Summ           0%         N/A       100%        6


Dungeon Overview and Level Annotations

Branches:
Dungeon (6/15)             Temple (0/1) D:5

Altars:
Hepliaklqana
Nemelex Xobeh
Vehumet

Shops:
D:1 *   D:6 (*(

Annotations:
D:2 1 runed translucent door, Crazy Yiuf
D:6 Menkaure


Innate Abilities, Weirdness & Mutations

Your spellcasting is much less encumbered by armour.
You can use scrolls of enchantment on lesser artefacts.


Message History

Items here: ) [[ †.
Okay, then.
You now have 42 gold pieces (gained 8).
Menkaure, Prince of Dust comes into view.
Menkaure shouts!
Menkaure shouts, "You disturbed my rest!
Die!"
Menkaure calls on the powers of darkness!
Your body is wracked with pain!
Menkaure calls on the powers of darkness!
Your body is wracked with pain!
* * * LOW HITPOINT WARNING * * *
You are too injured to fight recklessly!
You are too injured to fight recklessly!
You are too injured to fight recklessly!
You are too injured to fight recklessly!
You are too injured to fight recklessly!
You are too injured to fight recklessly!
You are too injured to fight recklessly!
You are too injured to fight recklessly!
You are too injured to fight recklessly!
You are too injured to fight recklessly!
You are too injured to fight recklessly!
You are too injured to fight recklessly!
You are too injured to fight recklessly!
You are too injured to fight recklessly!
You are too injured to fight recklessly!
You are too injured to fight recklessly!
You are too injured to fight recklessly!
You feel yourself speed up. Menkaure hits you!
* * * LOW HITPOINT WARNING * * *
You hit Menkaure but do no damage.
Menkaure calls on the powers of darkness!
Your body is wracked with pain!
* * * LOW HITPOINT WARNING * * *
You hit Menkaure.
Menkaure is moderately damaged.
You slash Menkaure!
Menkaure is almost destroyed.
Menkaure hits you!
You die...

#.....# ###..#####
#..÷..###........#
#.....#...........
##...#..##........
#.....###........
###....####........
###.....##
#.........
..##.....###
#.........
.......@##
#.........
......M##
##........ ......#
##....... ....##
##...... ...
##..... .. ##.... .
##### # #


You could see Menkaure.

Vanquished Creatures
  Jeremiah (D:6)
  Edmund (D:6)
  3 water moccasins
  An ice beast (D:5)
  An ogre (D:5)
  2 centaurs (D:5)
  2 phantoms (D:5)
  Blork the orc (D:4)
  A gnoll sergeant (D:5)
  3 scorpions (D:5)
  A howler monkey (D:4)
  6 hounds
  A jelly (D:5)
  A bombardier beetle (D:5)
  A gnoll bouda (D:5)
  An orc priest (D:3)
  3 iguanas
  2 sleepcaps (D:5)
  5 orc wizards
  Robin (D:2)
  A gnoll (D:5)
  12 adders
  A shadow imp (D:4)
  3 dart slugs
  2 ribbon worms
  10 orcs
  3 bats
  8 endoplasms
  5 giant cockroaches
  17 goblins
  10 hobgoblins
  5 jackals
  4 quokkas
  8 ball pythons
  3 frilled lizards
  8 kobolds
  6 rats
144 creatures vanquished.

Vanquished Creatures (collateral kills)
  An ogre (D:5)
  A jelly (D:5)
  A hound (D:5)
  An orc (D:5)
4 creatures vanquished.

Grand Total: 148 creatures vanquished

Notes
Turn   | Place    | Note
-------+----------+-------------------------------------------
     0 | D:1      | AlmostDecent the Mountain Dwarf Fighter began the quest for
                  | the Orb.
     0 | D:1      | Reached XP level 1. HP: 19/19 MP: 1/1
    33 | D:1      | Reached XP level 2. HP: 23/26 MP: 2/2
   165 | D:1      | Reached skill level 3 in Axes
   310 | D:1      | Reached XP level 3. HP: 28/31 MP: 3/3
   551 | D:1      | Found Kiaruiph's Assorted Antiques.
   951 | D:2      | Noticed Robin
   965 | D:2      | Killed Robin
   966 | D:2      | Reached skill level 4 in Axes
   966 | D:2      | Reached XP level 4. HP: 16/40 MP: 4/4
  1192 | D:2      | Learned a level 3 spell: Frozen Ramparts
  1503 | D:2      | Found a runed translucent door.
  1504 | D:2      | Noticed Crazy Yiuf
  1903 | D:3      | Reached skill level 5 in Axes
  1938 | D:3      | Reached XP level 5. HP: 41/46 MP: 5/5
  2232 | D:3      | Identified the +4 trident "Boitt" {freeze, rElec rPois}
  2619 | D:3      | Reached skill level 6 in Axes
  2837 | D:4      | Reached XP level 6. HP: 44/52 MP: 6/6
  2979 | D:4      | Identified the +4 sling of Chagrin {drain, Str+4}
  3204 | D:4      | Noticed Blork the orc
  3209 | D:4      | Killed Blork the orc
  3210 | D:4      | Reached skill level 7 in Axes
  3415 | D:5      | Entered Level 5 of the Dungeon
  3513 | D:5      | Reached skill level 1 in Dodging
  3593 | D:5      | Reached XP level 7. HP: 53/59 MP: 7/7
  3603 | D:5      | Found a hazy altar of Hepliaklqana.
  3603 | D:5      | Found a sparkling altar of Nemelex Xobeh.
  3610 | D:5      | Found a faded altar of an unknown god.
  3612 | D:5      | Found a radiant altar of Vehumet.
  3614 | D:5      | Found a faded altar of an unknown god.
  3692 | D:5      | Reached skill level 8 in Axes
  3754 | D:5      | Found a staircase to the Ecumenical Temple.
  3939 | D:5      | Reached skill level 9 in Axes
  3973 | D:5      | Reached XP level 8. HP: 18/67 MP: 8/8
  4035 | D:5      | Reached skill level 5 in Armour
  4051 | D:5      | Reached skill level 10 in Axes
  4289 | D:5      | Reached skill level 5 in Fighting
  4438 | D:5      | Reached skill level 11 in Axes
  4787 | D:6      | Reached XP level 9. HP: 73/74 MP: 9/9
  4996 | D:6      | Found Jujyist's Weapon Boutique.
  4996 | D:6      | Found Tenk's General Store.
  5005 | D:6      | Bought a potion of might for 48 gold pieces
  5005 | D:6      | Bought a scroll of teleportation for 36 gold pieces
  5188 | D:1      | Bought a faintly humming cloak for 256 gold pieces
  5188 | D:1      | Identified the +2 cloak of the Thinker {Str+5 Int-4 Stlth+}
                  | (You bought it in a shop on level 1 of the Dungeon)
  5297 | D:6      | Noticed Edmund
  5297 | D:6      | Found Juekygint's Weapon Emporium.
  5310 | D:6      | Killed Edmund
  5521 | D:6      | Noticed Jeremiah
  5700 | D:6      | Killed Jeremiah
  5701 | D:6      | Reached skill level 12 in Axes
  5821 | D:6      | Noticed Menkaure
  5829 | D:6      | Slain by Menkaure

Illustrated notes

Levels and vault maps discovered:
D:1:      ldierk_walled_garden_2, layout_loops_corners, serial_shops, shop,
          nrook_campfire, minmay_tall_x
D:2:      layout_loops_ring, skrybe_limestone_x, uniq_crazy_yiuf_cottage,
          uniq_robin
D:3:      layout_basic, serial_glass, glass_columns_a, glass_columns_c,
          kennysheep_pointless_box
D:4:      layout_cave_pods, uniq_blork_the_orc
D:5:      cheibrodos_barr_body, layout_basic,
          chequers_temple_overflow_minitemple, minmay_temple_entry_mist,
          nicolae_sextant, minmay_misc_feat_cross, minmay_pentangle
D:6:      minmay_general_purpose_star, layout_cave_pods, serial_shops, shop,
          nicolae_shop_tiny_statue_garden, nicolae_stop_n_shop_2,
          minmay_a_box_with_orc_wizards_in_it, uniq_menkaure, uniq_edmund,
          uniq_jeremiah

Skill      XL: |  1  2  3  4  5  6  7  8  9 |
---------------+----------------------------+-----
Axes           | 3 4 5 6 7 9 11 12 | 12.1
Armour         | 4 5 |  5.9
Fighting       | 4 5 |  5.7
Dodging        | 1 2 |  2.2
Shields        | 4 |  4.8
Stealth        | |  0.2

Action                     |  1- 3 |  4- 6 |  7- 9 || total
---------------------------+-------+-------+-------++-------
  Melee: War axe           |    81 |   231 |   312 ||   624
  Throw: Throwing net      |       |       |     1 ||     1
    Use: Scroll            |       |       |     6 ||     6
         Potion            |       |       |     4 ||     4
   Stab: Confused          |       |       |     1 ||     1
 Armour: Scale mail        |    74 |    12 |       ||    86
         Chain mail        |       |   160 |   232 ||   392
  Dodge: Dodged            |    40 |    80 |    88 ||   208
  Block: Buckler           |    18 |    55 |    60 ||   133

Table legend: (Time is in decaauts)
 A = Elapsed time spent in this place.
 B = Non-inter-level travel time spent in this place.
 C = Inter-level travel time spent in this place.
 D = Time resting spent in this place.
 E = Time spent auto-exploring this place.
 F = Levels seen in this place.
 G = Mean time per level.
                   A        B        C        D        E       F      G
               +--------+--------+--------+--------+--------+-----+--------+
         Total |   5900 |   5508 |    392 |      0 |   4206 |   6 |  983.3 |
       Dungeon |   5900 |   5508 |    392 |      0 |   4206 |   6 |  983.3 |
               +--------+--------+--------+--------+--------+-----+--------+

Top non-repeatable levels by time:
     D:5: 1385 daAuts
     D:1: 1019 daAuts
     D:2: 980 daAuts
     D:3: 894 daAuts
     D:6: 839 daAuts
     D:4: 780 daAuts
